 Dungeon Crawl Stone Soup version 0.29.1-15-g9cfb28693d (webtiles) character file.

Game seed: 10339133375816581965

8729 GeoRichter the Grappler (level 11, -12/54 HPs)
             Began as a Vine Stalker Monk on Mar 28, 2023.
             Was an Elder of Hepliaklqana.
             Mangled by a very large slime creature (28 damage)
             ... on level 9 of the Dungeon.
             The game lasted 00:17:02 (9104 turns).

GeoRichter the Grappler (Vine Stalker Monk)         Turns: 9104, Time: 00:17:03

Health: -12/54     AC: 15    Str: 18    XL:     11   Next: 35%
Magic:  0/12       EV:  8    Int: 10    God:    Hepliaklqana [****..]
Gold:   513        SH:  6    Dex: 17    Spells: 10/10 levels left

rFire   . . .      SeeInvis .     - Unarmed
rCold   . . .      Faith    .   B - +0 buckler
rNeg    . . .      Spirit   +   k - +0 chain mail
rPois   +          Reflect  .   l - +0 hat
rElec   .          Harm     .   w - +0 cloak
rCorr   .          Rampage  .   e - +0 pair of gloves
Will    +....                   (no boots)
Stlth   ..........              (no amulet)
HPRegen 0.98/turn               j - ring of poison resistance
MPRegen 0.13/turn               E - +4 ring of protection

@: about to teleport
A: reduced essence, fangs 3, regeneration 1, magic shield, antimagic bite, no
potion heal 2
a: Renounce Religion, Recall Ancestor, Ancestor Identity, Transference, Idealise


You were on level 9 of the Dungeon.
You worshipped Hepliaklqana.
Hepliaklqana was greatly pleased with you.
You visited 2 branches of the dungeon, and saw 10 of its levels.
You also visited: Sewer.

You collected 601 gold pieces.
You spent 88 gold pieces at shops.

Inventory:

Missiles
 d - 16 poisoned darts (quivered)
Armour
 e - a +0 pair of gloves (worn)
   (You found it on level 1 of the Dungeon)
 k - a +0 chain mail (worn)
   (You found it on level 2 of the Dungeon)
 l - a +0 hat (worn)
   (You found it on level 2 of the Dungeon)
 w - a +0 cloak (worn)
   (You found it on level 4 of the Dungeon)
 y - a +0 scale mail
   (You found it on level 5 of the Dungeon)
 B - a +0 buckler (worn)
   (You took it off a gnoll sergeant on level 6 of the Dungeon)
 H - a +0 plate armour
   (You took it off an orc warrior on level 7 of the Dungeon)
Jewellery
 j - a ring of poison resistance (left hand)
   (You found it on level 2 of the Dungeon)
 E - a +4 ring of protection (right hand)
   (You found it on level 6 of the Dungeon)
 F - a ring of positive energy
   (You found it on level 6 of the Dungeon)
Wands
 u - a wand of acid (1)
   (You found it on level 4 of the Dungeon)
 v - a wand of roots (5)
   (You found it on level 8 of the Dungeon)
Scrolls
 a - 2 scrolls of blinking
 f - 5 scrolls of amnesia
 g - a scroll of immolation {unknown}
 i - 2 scrolls of poison {unknown}
 m - a scroll of brand weapon
 o - a scroll of enchant armour {unknown}
 p - 4 scrolls of enchant weapon
 A - 3 scrolls of magic mapping {unknown}
 D - a scroll of torment {unknown}
 G - a scroll of teleportation {@r4}
Potions
 b - a potion of ambrosia
 h - 2 potions of cancellation
 n - 4 potions of might
 q - 2 potions of brilliance {unknown}
 s - a potion of lignification {unknown}
 t - 3 potions of attraction {!q}
 x - 3 potions of heal wounds {@q2}
 z - 3 potions of curing {@q1}
 C - 5 potions of mutation {!q}
 I - a potion of degeneration {unknown}


   Skills:
 + Level 8.1 Fighting
 + Level 2.3 Armour
 + Level 3.5 Dodging
 - Level 2.4 Stealth
 - Level 5.0 Shields
 * Level 13.3 Unarmed Combat
 - Level 3.0 Evocations


You had 10 spell levels left.
You didn't know any spells.
Your spell library contained the following spells:

 Spells                   Type           Power      Damage    Failure   Level
 Apportation              Tloc           0%         N/A       100%        1
 Necrotise                Necr           0%         1d4       100%        1
 Sandblast                Erth           0%         2d4       100%        1
 Shock                    Conj/Air       0%         1d3       100%        1
 Summon Small Mammal      Summ           0%         N/A       100%        1
 Passwall                 Tmut/Erth      0%         N/A       100%        2
 Confusing Touch          Hex            0%         N/A       100%        3
 Stone Arrow              Conj/Erth      0%         3d7       100%        3
 Swiftness                Air            0%         N/A       100%        3
 Airstrike                Air            0%         2d(0-16)  100%        4
 Alistair's Intoxication  Tmut/Pois      0%         N/A       100%        5
 Yara's Violent Unravell  Hex/Tmut       0%         3d3       100%        5
 Enfeeble                 Hex            0%         N/A       100%        7


Dungeon Overview and Level Annotations

Branches:
Dungeon (9/15) Zot: 26462  Temple (1/1) D:4 Zot: 5888   Sewer (visited)
   Lair: D:8-11         Orc: D:9-12

Altars:
Ashenzari
Cheibriados
Elyvilon
Fedhas
Gozag
Hepliaklqana
Kikubaaqudgha
Makhleb
Nemelex Xobeh
Okawaru
Qazlal
Ru
Sif Muna
Trog
Uskayaw
Vehumet
Wu Jian
Xom
Yredelemnul
Zin
The Shining One

Shops:
D:5 *

Annotations:
D:6 3 runed translucent doors, kalagan's ghost, novice DECj


Innate Abilities, Weirdness & Mutations

Your life essence is reduced to manifest your ancestor. (-10% HP)
You have razor-sharp teeth.
Your natural rate of healing is unusually fast.
When hurt, damage is shared between your health and your magic reserves.
Your bite disrupts and absorbs the magic of your enemies.
Potions cannot restore your health.


Message History

Mettia points at the centaur and mumbles some strange words.
The puff of frost hits the centaur!
The centaur dies!
Things that are here:
a +0 shortbow; a centaur corpse You swap places. 2 slime creatures come into view.
Found a short sword.
The slime creature quivers. x2
The slime creature moves out of view.
A slime creature is nearby!
A slime creature is nearby!
A slime creature is nearby!
A slime creature comes into view.
Found 16 gold pieces.
The slime creature quivers.
You punch the slime creature! You bite the slime creature! You drain its power.
The slime creature hits you!
Two slime creatures merge to form a large slime creature.
You hit the large slime creature.
Mettia gestures at the large slime creature while chanting.
The stone arrow hits the large slime creature!!
You punch the large slime creature!
Two slime creatures merge to form a very large slime creature.
You pummel the very large slime creature!!
You bite the very large slime creature! You drain its power.
You feel invigorated.
You hit the very large slime creature but do no damage.
You swap places.
The very large slime creature misses Mettia.
Mettia hits the very large slime creature with a +0 quarterstaff!!
The very large slime creature barely misses Mettia.
Mettia hits the very large slime creature with a +0 quarterstaff!
The very large slime creature hits Mettia!!!
Mettia is destroyed!
The very large slime creature attacks as you move away!
The very large slime creature hits you!!!
Ouch! That really hurt!
* * * LOW HITPOINT WARNING * * *
The very large slime creature jiggles.
Blink to where?
Okay, then.
As you read the scroll of teleportation {@r4}, it crumbles to dust.
You feel strangely unstable.
The very large slime creature closely misses you.
Unknown command.
The very large slime creature attacks as you move away!
The very large slime creature hits you!!
Ouch! That really hurt!
You die...

.. #..)..[. ...
########.######
.... #........#
#### $..).
#.....#### #...
......######.....#
#...
..........####.###
#... ###...###.#
#...######... #..
#J# ###.##.......
#. #@#
#...........# #
#.####.#.##......#
#......#.##......#
######.#.##......#
#....##<....#
#.#....######
#.#.##....#
#.#.#####.# #
#......##.# #


You could see a very large slime creature.

Vanquished Creatures
  A two-headed ogre (D:8)
  A hornet (D:7)
  A wyvern (D:7)
  8 yaks
  Eustachio (D:5)
  2 steam dragons
  Menkaure (D:7)
  2 water moccasins
  2 sky beasts
  3 ice beasts
  2 orc warriors (D:7)
  A black bear (D:4)
  2 ogres
  3 centaurs
  A phantom (D:4)
  A kobold brigand (D:7)
  A bullfrog (D:8)
  2 necrophages (D:4)
  2 gnoll sergeants
  A scorpion (D:3)
  3 wights (D:8)
  4 killer bees (D:7)
  A howler monkey (D:5)
  2 lava snakes (D:8)
  3 hounds
  A gnoll bouda (D:8)
  5 iguanas
  7 orc wizards
  11 gnolls
  5 adders
  4 white imps (D:7)
  2 ufetubi
  A worm (D:6)
  7 dart slugs
  28 orcs
  8 ball pythons
  3 endoplasms
  3 giant cockroaches
  5 goblins
  5 hobgoblins
  17 jackals
  5 quokkas
  4 bats
  5 frilled lizards
  9 kobolds
  5 rats
191 creatures vanquished.

Vanquished Creatures (collateral kills)
  A gargoyle (D:9)
  A hornet (D:9)
  A wyvern (D:9)
  5 yaks
  A steam dragon (D:7)
  Pargi (Sewer)
  2 orc warriors
  An ogre (D:5)
  A centaur (D:9)
  A phantom (D:5)
  2 bullfrogs
  A necrophage (D:6)
  3 scorpions
  2 wights (D:8)
  A killer bee (D:7)
  5 lava snakes (D:8)
  2 jellies (D:7)
  2 orc priests
  A gnoll bouda (D:9)
  An iguana (D:5)
  2 orc wizards (D:7)
  An adder (D:5)
  5 gnolls
  A shadow imp (D:7)
  8 orcs
  A hobgoblin (D:4)
  A kobold (Sewer)
54 creatures vanquished.

Vanquished Creatures (others)
  6 battlemagi
6 creatures vanquished.

Grand Total: 251 creatures vanquished

Notes
Turn   | Place    | Note
-------+----------+-------------------------------------------
     0 | D:1      | GeoRichter the Vine Stalker Monk began the quest for the
                  | Orb.
     0 | D:1      | Reached XP level 1. HP: 11/11 MP: 2/2
   306 | D:1      | Reached XP level 2. HP: 10/16 MP: 0/3
  1043 | D:1      | Reached skill level 4 in Unarmed Combat
  1151 | D:1      | Reached XP level 3. HP: 18/19 MP: 2/4
  2394 | D:2      | Gained mutation: Your natural rate of healing is unusually
                  | fast. [Vine Stalker growth]
  2394 | D:2      | Reached XP level 4. HP: 20/23 MP: 5/5
  2771 | D:2      | Reached skill level 5 in Unarmed Combat
  2855 | D:2      | Found a faded altar of an unknown god.
  3302 | D:3      | Noticed a scorpion
  3307 | D:3      | Killed a scorpion
  3308 | D:3      | Reached XP level 5. HP: 27/27 MP: 6/6
  3361 | D:3      | Reached skill level 6 in Unarmed Combat
  3815 | D:4      | Noticed a phantom
  3830 | D:4      | Killed a phantom
  3831 | D:4      | Reached XP level 6. HP: 27/32 MP: 5/7
  3901 | D:4      | Reached skill level 7 in Unarmed Combat
  3901 | D:4      | Reached XP level 7. HP: 19/36 MP: 3/8
  4150 | D:4      | Found a staircase to the Ecumenical Temple.
  4176 | Temple   | Entered the Ecumenical Temple
  4274 | Temple   | Became a worshipper of Hepliaklqana the Forgotten
  4274 | Temple   | Reached * piety under Hepliaklqana
  4274 | Temple   | Reached ** piety under Hepliaklqana
  4275 | Temple   | Remembered your ancestor Mettia as a battlemage
  4301 | D:4      | Reached skill level 8 in Unarmed Combat
  4785 | D:5      | Entered Level 5 of the Dungeon
  4797 | D:5      | Gained mutation: You have razor-sharp teeth. [Vine Stalker
                  | growth]
  4797 | D:5      | Reached XP level 8. HP: 33/37 MP: 9/9
  5040 | D:5      | Found a glowing drain.
  5053 | Sewer    | Entered a sewer
  5056 | Sewer    | Noticed Pargi
  5061 | Sewer    | Killed Pargi
  5062 | Sewer    | Reached skill level 9 in Unarmed Combat
  5334 | D:5      | Noticed Eustachio
  5348 | D:5      | Reached skill level 5 in Fighting
  5357 | D:5      | Killed Eustachio
  5371 | D:5      | Found Ketid's General Store.
  5384 | D:5      | Bought a potion of cancellation for 88 gold pieces
  5814 | D:6      | Reached *** piety under Hepliaklqana
  5929 | D:6      | Reached skill level 10 in Unarmed Combat
  5936 | D:6      | Reached XP level 9. HP: 29/43 MP: 6/10
  5944 | D:6      | Reached skill level 1 in Armour
  6027 | D:6      | Found a snail-covered altar of Cheibriados.
  6101 | D:6      | Reached skill level 1 in Evocations
  6334 | D:6      | Found a runed translucent gate.
  6335 | D:6      | Found a runed translucent gate.
  6336 | D:6      | Found a runed translucent gate.
  6341 | D:6      | Noticed kalagan's ghost (novice DECj)
  6381 | D:6      | Found a blossoming altar of Fedhas.
  6597 | D:7      | Reached skill level 1 in Shields
  6787 | D:7      | Noticed a hornet
  6793 | D:7      | Killed a hornet
  6794 | D:7      | Reached skill level 11 in Unarmed Combat
  6873 | D:7      | Reached XP level 10. HP: 19/47 MP: 4/11
  7442 | D:7      | Noticed Menkaure
  7443 | D:7      | Killed Menkaure
  7636 | D:8      | Noticed a two-headed ogre
  7643 | D:8      | Killed a two-headed ogre
  7644 | D:8      | Reached skill level 12 in Unarmed Combat
  7853 | D:8      | Reached **** piety under Hepliaklqana
  8262 | D:8      | Found an opulent altar of Gozag.
  8586 | D:9      | Reached XP level 11. HP: 53/53 MP: 9/12
  8645 | D:9      | Reached skill level 5 in Shields
  8662 | D:9      | Reached skill level 13 in Unarmed Combat
  9104 | D:9      | Mangled by a very large slime creature

Illustrated notes

Levels and vault maps discovered:
D:1:      psy_arrival_basics, layout_loops_ring, grunt_decor_one_mirror,
          nicolae_concentric_dashed_squares_wild
D:2:      layout_basic, chequers_ecumenical_altar_island,
          chequers_serial_rivers_large_b
D:3:      layout_basic, nicolae_titane
D:4:      layout_gridville, minmay_temple_entry_antechambers
D:5:      layout_basic, portal_sewer_entry_d, serial_shops,
          nicolae_shop_statue_plus, uniq_eustachio
D:6:      minmay_spotlight, layout_basic, fedhas_altar_fruit_tree,
          cheibrodos_worm_habitat, biasface_ghost_orc_armoury
D:7:      layout_basic, minmay_alternating_orb, uniq_menkaure
D:8:      layout_basic, lemuel_crystal_altar, kennysheep_boxes
D:9:      layout_basic, mainiacjoe_overflow_alcove_2, kennysheep_generic_room_7
Temple:   hc_temple_tempest_star

Skill      XL: |  1  2  3  4  5  6  7  8  9 10 11 |
---------------+----------------------------------+-----
Unarmed Combat | 4 5 6 7 8 10 11 12 13 | 13.3
Fighting       | 3 4 5 6 7 8 |  8.1
Armour         | 1 2 |  2.3
Evocations     | 3 |  3.0
Shields        | 2 4 5 |  5.0
Dodging        | 3 |  3.5
Stealth        | |  2.4

Action                   |  1- 3 |  4- 6 |  7- 9 | 10-12 || total
-------------------------+-------+-------+-------+-------++-------
Melee: Unarmed           |   117 |   141 |   241 |   166 ||   665
       Bite              |    33 |    39 |    72 |    66 ||   210
       Punch             |     2 |     1 |    12 |       ||    15
Throw: Dart              |     2 |     4 |       |     5 ||    11
Invok: Ancestor Life: Ba |       |       |     1 |       ||     1
       Recall Ancestor   |       |       |     1 |       ||     1
Evoke: Wand              |       |       |     4 |     2 ||     6
  Use: Scroll            |     1 |       |     6 |     5 ||    12
       Potion            |       |       |     1 |       ||     1
 Stab: Sleeping          |     3 |       |       |       ||     3
       Distracted        |       |       |     4 |     1 ||     5
Armor: Robe              |    16 |       |       |       ||    16
       Ring mail         |     7 |       |       |       ||     7
       Chain mail        |       |    67 |    90 |     9 ||   166
       Scale mail        |       |       |       |    48 ||    48
Dodge: Dodged            |    62 |    46 |    65 |    49 ||   222
Block: Buckler           |       |       |    12 |    32 ||    44
